 Dungeon Crawl Stone Soup version 0.29-a0-72-g1732ff48e7 (webtiles) character file.

Game seed: 8182986216449629013

33 Hubjo the Sneak (level 3, -3/20 HPs)
             Began as a Vampire Enchanter on Feb 3, 2022.
             Slain by a mummy (14 damage)
             ... in an ossuary.
             The game lasted 00:03:42 (1092 turns).

Hubjo the Sneak (Vampire Enchanter)                 Turns: 1092, Time: 00:03:43

Health: -3/20      AC:  2    Str:  7    XL:     3   Next: 12%
Magic:  6/6        EV: 12    Int: 17    God:
Gold:   25         SH:  0    Dex: 16    Spells: 6/6 levels left

rFire   . . .      SeeInvis +   a - +1 dagger
rCold   + + .      Faith    .   (no shield)
rNeg    + + +      Spirit   .   b - +0 robe
rPois   ∞          Reflect  .   (no helmet)
rElec   .          Harm     .   (no cloak)
rCorr   .          Rampage  .   (no gloves)
Will    .....                   (no boots)
Stlth   +++++.....              (no amulet)
HPRegen 0.00/turn               (no ring)
MPRegen 0.10/turn               (no ring)

@: bloodless, inhibited regen
A: bloodless, fangs 3, see invisible, vampiric 2
a: Bat Form, Revivify


You were in an ossuary.
You visited 1 branch of the dungeon, and saw 4 of its levels.
You also visited: Ossuary.

You collected 25 gold pieces.

Inventory:

Hand Weapons
 a - a +1 dagger (weapon)
Armour
 b - a +0 robe (worn)
 d - a +0 pair of gloves
Potions
 c - a potion of invisibility


   Skills:
 * Level 1.2 Fighting
 + Level 1.4 Short Blades
 + Level 2.5 Dodging
 * Level 5.1 Stealth
 - Level 2.0 Spellcasting
 + Level 4.7 Hexes


You had 6 spell levels left.
You didn't know any spells.
Your spell library contained the following spells:

 Spells                   Type           Power      Damage    Failure   Level
 Confusing Touch          Hex            17%        N/A       9%          3
 Tukima's Dance           Hex            17%        N/A       9%          3
 Ensorcelled Hibernation  Hex/Ice        18%        N/A       11%         2
 Apportation              Tloc           2%         N/A       19%         1
 Dazzling Flash           Conj/Hex       18%        N/A       22%         3
 Alistair's Intoxication  Tmut/Pois      0%         N/A       99%         5


Dungeon Overview and Level Annotations

Branches:
Dungeon (4/15)            Ossuary (1/1)
 Temple: D:4-7

Altars:


Innate Abilities, Weirdness & Mutations

You do not regenerate when monsters are visible.
You are frail without blood (-20% HP).
You can heal yourself when you bite living creatures.
You are immune to poison.
You have razor-sharp teeth.
You have supernaturally acute eyesight. (SInv)
You are afflicted with vampirism and can become a bat while bloodless.


Message History

You hit the orc skeleton.
The orc skeleton is moderately damaged.
The orc skeleton misses you. The orc skeleton barely misses you.
The orc skeleton hits you but does no damage.
You barely miss the orc skeleton. You bite the orc skeleton.
The orc skeleton is severely damaged.
The orc skeleton closely misses you. The orc skeleton hits you.
The orc skeleton hits you but does no damage.
You barely miss the orc skeleton.
The orc skeleton is severely damaged.
The orc skeleton hits you.
You barely miss the orc skeleton.
The orc skeleton is severely damaged.
The orc skeleton misses you. The orc skeleton barely misses you.
You hit the orc skeleton but do no damage.
You bite the orc skeleton.
You destroy the orc skeleton!
The orc skeleton hits you but does no damage.
The orc skeleton misses you.
You hit the orc skeleton.
The orc skeleton is heavily damaged.
The orc skeleton closely misses you.
You hit the orc skeleton but do no damage.
The orc skeleton is heavily damaged.
The orc skeleton closely misses you. The orc skeleton barely misses you.
You hit the orc skeleton.
The orc skeleton is almost destroyed.
The orc skeleton hits you.
You hit the orc skeleton.
You destroy the orc skeleton!
The orc skeleton barely misses you. The orc skeleton misses you.
You hit the orc skeleton.
The orc skeleton is heavily damaged.
The orc skeleton closely misses you.
You hit the orc skeleton.
You destroy the orc skeleton!
The mummy hits you!
Ouch! That really hurt!
You die...

#+++# #...#
+...+ #...#
#...# #...#
#@M.# #...#
#...# #...#
##'''##
##.....##
####.......####
#W▓...∩.∩...▓W#
####.......####


You could see a mummy.

Vanquished Creatures
  An adder skeleton (D:4)
  A dart slug (D:2)
  An orc (D:4)
  A ball python (D:2)
  2 giant cockroaches (D:3)
  6 jackals (D:3)
  A kobold (D:2)
  2 quokkas
  A frilled lizard (D:2)
  2 kobold skeletons (Ossuary)
  7 orc skeletons (Ossuary)
  2 rats (D:3)
27 creatures vanquished.

Notes
Turn   | Place    | Note
-------+----------+-------------------------------------------
     0 | D:1      | Hubjo the Vampire Enchanter began the quest for the Orb.
     0 | D:1      | Reached XP level 1. HP: 13/13 MP: 3/3
   415 | D:2      | Noticed an orc priest
   455 | D:3      | Reached XP level 2. HP: 16/16 MP: 5/5
   707 | D:3      | Reached skill level 1 in Fighting
   778 | D:4      | Reached skill level 5 in Stealth
   817 | D:4      | Found a sand-covered staircase.
   827 | Ossuary  | Entered an ossuary
   827 | Ossuary  | Noticed a wraith
   827 | Ossuary  | Noticed a wraith
   827 | Ossuary  | Noticed a wraith
  1062 | Ossuary  | Gained mutation: You are afflicted with vampirism and can
                  | become a bat while bloodless. [Vampire growth]
  1062 | Ossuary  | Reached XP level 3. HP: 20/20 MP: 6/6
  1092 | Ossuary  | Slain by a mummy

Illustrated notes

Levels and vault maps discovered:
D:1:      shiori_arrival_maze, layout_loops_ring,
          shapermc_ecumenical_altar_mp_highgroup, minmay_misc_feat_diagonals
D:2:      layout_basic, serial_corexii_hall, corexii_hall_statues_u,
          chequers_hall_statues_wall_a, corexii_item_surrounded_by_moat,
          minmay_fractal_squares_gapless_5
D:3:      layout_basic, serial_shops, shop, pf_guarded_unrand_delatra
D:4:      layout_rooms, chequers_ossuary_entry_cave, minmay_snake_closets
Ossuary:  ossuary_due_mausoleum

Skill      XL: |  1  2 |
---------------+-------+-----
Fighting       | 1 |  1.2
Stealth        | 5 |  5.1
Short Blades   | |  1.4
Dodging        | |  2.5
Spellcasting   | |  2.0
Hexes          | |  4.7

Action                   || total
-------------------------++-------
Melee: Dagger            ||   115
       Bite              ||    14
 Abil: Exsanguinate      ||     1
  Use: Scroll            ||     1
       Potion            ||     1
 Stab: Sleeping          ||    15
Armor: Robe              ||    26
Dodge: Dodged            ||   100

Table legend: (Time is in decaauts)
 A = Elapsed time spent in this place.
 B = Non-inter-level travel time spent in this place.
 C = Inter-level travel time spent in this place.
 D = Time resting spent in this place.
 E = Time spent auto-exploring this place.
 F = Levels seen in this place.
 G = Mean time per level.
                   A        B        C        D        E       F      G
               +--------+--------+--------+--------+--------+-----+--------+
         Total |   1082 |   1031 |     51 |    297 |    474 |   5 |  216.4 |
       Dungeon |    820 |    769 |     51 |     75 |    474 |   4 |  205.0 |
       Ossuary |    262 |    262 |      0 |    222 |      0 |   1 |  262.0 |
               +--------+--------+--------+--------+--------+-----+--------+

Top non-repeatable levels by time:
     D:2: 426 daAuts
     D:3: 319 daAuts
 Ossuary: 262 daAuts
     D:4: 72 daAuts
     D:1: 2 daAuts
